 Dungeon Crawl Stone Soup version 0.17.1-1-g73c8601 (webtiles) character file.

129 DeXoteric the Grave Robber (level 4, 0/30 HPs)
             Began as a Mummy Necromancer on Dec 19, 2015.
             Slain by Robin
             ... wielding a +0 mace
              (5 damage)
             ... on level 3 of the Dungeon.
             The game lasted 00:08:00 (2868 turns).

DeXoteric the Grave Robber (Mummy Necromancer)      Turns: 2868, Time: 00:08:00

Health: 0/30       AC:  2    Str: 11    XL:     4   Next: 88%
Magic:  0/8        EV: 12    Int: 20    God:
Gold:   101        SH:  0    Dex: 12    Spells: 2 memorised, 7 levels left

rFire  x . .     SeeInvis .     d - +0 dagger
rCold  + . .     Clarity  .     a - +0 robe
rNeg   + + +     SustAt   .     (no shield)
rPois  ∞         Gourm    .     (no helmet)
rElec  .         Spirit   +     (no cloak)
rCorr  .         Warding  .     (no gloves)
rMut   .         Stasis   .     (no boots)
MR     .....                    l - amulet of guardian spirit
Stlth  ++........               (no ring)
                                g - +5 ring of intelligence

@: not resistant to hostile enchantments, unstealthy
A: no food or potions, fire vulnerability, cold resistance 1, negative energy
resistance 3, torment resistance, unbreathing
a: no special abilities


You were on level 3 of the Dungeon.
You were not hungry.

You visited 1 branch of the dungeon, and saw 3 of its levels.

You collected 101 gold pieces.

Inventory:

Hand Weapons
 d - a +0 dagger (weapon)
Armour
 a - a +0 robe (worn)
Jewellery
 g - a +5 ring of intelligence (left hand)
 l - an amulet of guardian spirit (around neck)
Scrolls
 c - 2 scrolls of fog {unknown}
 e - a scroll of recharging {unknown}
 f - 7 scrolls of identify {unknown}
 h - 3 scrolls of remove curse {unknown}
 i - a scroll of amnesia {unknown}
 j - a scroll of magic mapping {unknown}
 k - a scroll of immolation {unknown}
Books
 b - a book of Necromancy

   Spells                             Type                      Level
   a - Pain                           Necromancy                   1
   b - Animate Skeleton               Necromancy                   1
   c - Vampiric Draining              Necromancy                   3
   d - Regeneration                   Charms/Necromancy            3
   e - Animate Dead                   Necromancy                   4
   f - Control Undead                 Necromancy                   4


   Skills:
 - Level 1.5 Dodging
 - Level 1.5 Stealth
 + Level 3.2 Spellcasting
 * Level 5.5 Necromancy


You had 7 spell levels left.
You knew the following spells:

 Your Spells              Type           Power        Failure   Level  Hunger
a - Pain                  Necr           ####         1%          1    N/A
b - Animate Skeleton      Necr           N/A          1%          1    N/A

Dungeon Overview and Level Annotations

Branches:
Dungeon (3/15)

Altars:
Elyvilon
Vehumet

Annotations:
D:3 Robin


Innate Abilities, Weirdness & Mutations

You do not eat or drink.
Your flesh is vulnerable to fire.
You are immune to poison.
Your flesh is cold resistant.
You are immune to negative energy.
You are immune to unholy pain and torment.
You can survive without breathing.


Message History

a club; 2 stones
Things that are here:
a club; a chain mail; 2 chunks of flesh
Items here: ( )) ? an uncursed club; an uncursed hunting sling; 13 stones a scroll labeled UJENAN IWKUA
Aim: Robin, wielding a mace, wearing an animal skin and wearing a helmet (moderately wounded, chance to defeat MR: 89%) Robin convulses in agony!
Robin hits you with a mace.
* * * LOW HITPOINT WARNING * * *
You barely miss Robin. You hit Robin but do no damage.
Robin hits you with a mace.
* * * LOW HITPOINT WARNING * * *
The hobgoblin throws a stone.
The stone closely misses you.
You hit Robin but do no damage.
The hobgoblin throws a stone.
The stone barely misses you. Robin misses you.
You barely miss Robin.
The hobgoblin throws a stone.
The stone hits you but does no damage. Robin hits you with a mace.
* * * LOW HITPOINT WARNING * * *
Robin hits you with a mace.
You die...

).g>...##.(###..####.###....##.##
..)# #..........###......#..##..#
... ##......(#(#.#...####......#
... #.......#......## #(...##<#
g.. #.......#.#.#### ##...## .#
#.....###..########g.#.# .#
#.#######(## #.()[...#.# .# ...
##g)####.##(####.# ..
###..#gM(!.#..# ...
#....<)#####.## ... #......###
#.# ... ###..### #.# #.... #.#
#.#.# #.# #..#. #.# .. .. ...


You could see Robin and a hobgoblin (frenzied).

Vanquished Creatures
  6 adders
  A worm (D:2)
  2 giant geckos
  3 ball pythons
  5 bats
  3 giant cockroaches
  8 hobgoblins
  2 jackals (D:3)
  7 kobolds
  A quokka (D:2)
  6 giant newts
  15 goblins
  11 rats
70 creatures vanquished.

Vanquished Creatures (collateral kills)
  A hobgoblin (D:3)
1 creature vanquished.

Vanquished Creatures (others)
  A hobgoblin (D:3)
1 creature vanquished.

Grand Total: 72 creatures vanquished

Notes
Turn   | Place    | Note
--------------------------------------------------------------
     0 | D:1      | DeXoteric the Mummy Necromancer began the quest for the Orb.
     0 | D:1      | Reached XP level 1. HP: 13/13 MP: 3/3
     2 | D:1      | Learned a level 1 spell: Animate Skeleton
   747 | D:1      | Reached XP level 2. HP: 19/19 MP: 3/5
  1152 | D:2      | Reached XP level 3. HP: 24/24 MP: 4/6
  1774 | D:2      | Reached skill level 5 in Necromancy
  1828 | D:2      | Reached XP level 4. HP: 30/30 MP: 4/8
  2345 | D:3      | Noticed Robin
  2521 | D:3      | Found a white marble altar of Elyvilon.
  2694 | D:3      | Found a radiant altar of Vehumet.
  2868 | D:3      | Slain by Robin

Action                   |  1- 3 |  4- 6 || total
-------------------------+-------+-------++-------
Melee: Dagger            |    26 |    35 ||    61
       Unarmed           |     3 |       ||     3
 Cast: Pain              |    52 |    48 ||   100
       Animate Skeleton  |     1 |     4 ||     5
 Stab: Distracted        |     1 |       ||     1
